 Dungeon Crawl Stone Soup version 0.17.1-3-g152610e (webtiles) character file.

1981 manyhoops the Fighter (level 9, -10/102 HPs)
             Began as an Ogre Fighter on Apr 27, 2016.
             Mangled by an orc warrior
             ... wielding a +0 trident
              (24 damage)
             ... on level 5 of the Dungeon.
             The game lasted 00:13:29 (8565 turns).

manyhoops the Fighter (Ogre Fighter)                Turns: 8565, Time: 00:13:29

Health: -10/102    AC:  3    Str: 26    XL:     9   Next: 20%
Magic:  9/9        EV:  4    Int:  7    God:
Gold:   259        SH:  9    Dex:  9    Spells: 0 memorised, 8 levels left

rFire  . . .     SeeInvis .     y - -3 morningstar (curse)
rCold  + . .     Clarity  +     b - +0 robe
rNeg   . . .     SustAt   .     c - +0 shield
rPois  .         Gourm    .     (helmet restricted)
rElec  .         Spirit   .     (no cloak)
rCorr  .         Warding  .     (gloves unavailable)
rMut   .         Stasis   .     (boots unavailable)
MR     .....                    (no amulet)
Stlth  +.........               (no ring)
                                (no ring)

@: not resistant to hostile enchantments, very unstealthy
A: unfitting armour, clarity, cold resistance 1, tough skin 1
a: no special abilities


You were on level 5 of the Dungeon.
You were not hungry.

You visited 1 branch of the dungeon, and saw 6 of its levels.
You also visited: Ossuary.

You collected 259 gold pieces.

Inventory:

Hand Weapons
 a - a +0 flail
 n - a +0 morningstar
 y - a cursed -3 morningstar (weapon)
Missiles
 o - a throwing net (quivered)
Armour
 b - a +0 robe (worn)
 c - a +0 shield (worn)
Wands
 q - a wand of enslavement (17)
 w - a wand of polymorph (9)
Scrolls
 i - 2 scrolls of teleportation
 r - a scroll of blinking
 v - a scroll of enchant weapon
 z - 2 scrolls of fog
Potions
 d - a potion of might
 j - 3 potions of haste
 p - 4 potions of brilliance
 t - 4 potions of invisibility
Books
 g - a book of Necromancy

   Spells                             Type                      Level
   a - Pain                           Necromancy                   1
   b - Animate Skeleton               Necromancy                   1
   c - Vampiric Draining              Necromancy                   3
   d - Regeneration                   Charms/Necromancy            3
   e - Animate Dead                   Necromancy                   4
   f - Control Undead                 Necromancy                   4
 m - a book of Flames

   Spells                             Type                      Level
   a - Flame Tongue                   Conjuration/Fire             1
   b - Throw Flame                    Conjuration/Fire             2
   c - Conjure Flame                  Conjuration/Fire             3
   d - Inner Flame                    Hexes/Fire                   3
   e - Sticky Flame                   Conjuration/Fire             4
   f - Fireball                       Conjuration/Fire             5
 x - a book of Cantrips

   Spells                             Type                      Level
   a - Corona                         Hexes                        1
   b - Animate Skeleton               Necromancy                   1
   c - Summon Small Mammal            Summoning                    1
   d - Apportation                    Translocation                1
Comestibles
 e - a bread ration
 f - 5 fruits
 h - a royal jelly
 k - 2 meat rations
 l - a beef jerky
 s - 2 chunks of flesh


   Skills:
 * Level 10.6 Fighting
 + Level 7.7 Maces & Flails
 - Level 1.0 Armour
 + Level 6.7 Dodging
 - Level 1.0 Stealth
 - Level 2.6 Shields


You had 8 spell levels left.
You didn't know any spells.

Dungeon Overview and Level Annotations

Branches:
Dungeon (6/15)
 Temple: D:4-7

Altars:
Cheibriados
Elyvilon
Fedhas
Gozag
Makhleb
Nemelex Xobeh
Qazlal
Ru
Trog
Xom
The Shining One

Annotations:
D:4 Grinder


Innate Abilities, Weirdness & Mutations

You are too large for most types of armour.
You have tough skin (AC +1).
You possess an exceptional clarity of mind.
Your flesh is cold resistant.


Message History

The orc hits you with a dagger. You block the orc warrior's attack.
You hit the orc warrior but do no damage.
You block the orc's attack.
The orc warrior hits you with a trident!
The orc barely misses you.
The orc warrior hits you with a trident!
* * * LOW HITPOINT WARNING * * *
You climb upwards.
There is a stone staircase leading down here.
The orc warrior hits you from afar with a trident!
* * * LOW HITPOINT WARNING * * *
You block the orc's attack.
Things that are here:
a robe; a dagger An ogre comes into view.
It is wielding a giant club.
The ogre shouts!
You block the orc warrior's attack.
There is a stone staircase leading down here.
The orc warrior hits you from afar with a trident!!
You die...

## ##........#..#.#..#
#.####.#
#####.#..........####.####.#
#.......#............... ##
####.#.#####.####.####.# .#
#######.#.#####.# #.####.#
.### #...............#
#......#
...####.#####.##.######
######## ........##.......#
...#######.##.##@# .###
#..<.....##.#
.#####.###.#####o####
.##........##.......#
.##..............##.#
.##.......###.##.##.#
.##.......#......##.#
..........#.#.#####.#
.#........#.#.#####.#


You could see an orc warrior.

Vanquished Creatures
  Pikel (D:6)
  A wasp (D:6)
  Duvessa (D:6)
  A black bear (D:6)
  A sky beast (D:5)
  A phantom (D:5)
  2 ogres
  A giant frog (D:6)
  Dowan (D:6)
  4 scorpions
  A giant frog zombie (D:6)
  A centaur zombie (Ossuary)
  2 hounds (D:4)
  A jelly (D:5)
  A giant frog skeleton (D:4)
  An orc wizard (D:5)
  4 worker ants
  A hound skeleton (D:5)
  A mummy (D:6)
  5 gnolls
  11 adders
  2 scorpion zombies (Ossuary)
  2 oozes
  A worm (D:3)
  4 giant geckos
  5 orcs
  4 giant cockroaches
  4 goblins
  7 hobgoblins
  13 jackals
  4 kobolds
  4 quokkas
  2 ball pythons
  5 bats
  6 giant newts
  A goblin zombie (Ossuary)
  3 hobgoblin zombies
  A kobold zombie (Ossuary)
  8 rats
119 creatures vanquished.

Vanquished Creatures (others)
  2 slaves (D:6)
  A gnoll (D:6)
  A jackal (D:6)
4 creatures vanquished.

Grand Total: 123 creatures vanquished

Notes
Turn   | Place    | Note
--------------------------------------------------------------
     0 | D:1      | manyhoops the Ogre Fighter began the quest for the Orb.
     0 | D:1      | Reached XP level 1. HP: 24/24 MP: 1/1
   517 | D:1      | Reached XP level 2. HP: 27/33 MP: 2/2
   616 | D:1      | Reached skill level 1 in Armour
   803 | D:1      | Reached XP level 3. HP: 40/40 MP: 3/3
  1215 | D:2      | Found a sacrificial altar of Ru.
  1235 | D:2      | Reached skill level 5 in Fighting
  1558 | D:2      | Reached XP level 4. HP: 48/50 MP: 4/4
  1574 | D:2      | Found a sparkling altar of Nemelex Xobeh.
  2635 | D:3      | Found a white marble altar of Elyvilon.
  2986 | D:3      | Reached XP level 5. HP: 49/57 MP: 5/5
  2992 | D:4      | Noticed Grinder
  3072 | D:4      | Found an opulent altar of Gozag.
  3072 | D:4      | Found a bloodstained altar of Trog.
  3073 | D:4      | Found a glowing golden altar of the Shining One.
  3075 | D:4      | Found a burning altar of Makhleb.
  3075 | D:4      | Found a shimmering altar of Xom.
  3075 | D:4      | Found a sparkling altar of Nemelex Xobeh.
  3209 | D:4      | Paralysed by Grinder for 7 turns
  3770 | D:4      | Reached skill level 6 in Fighting
  3776 | D:4      | Reached skill level 1 in Stealth
  3776 | D:4      | Reached XP level 6. HP: 21/67 MP: 6/6
  4141 | D:4      | Found a blossoming altar of Fedhas.
  4156 | D:4      | Noticed an ogre
  4363 | D:4      | Killed an ogre
  4363 | D:4      | Reached skill level 5 in Maces & Flails
  4382 | D:4      | Found a stormy altar of Qazlal.
  4588 | D:5      | Entered Level 5 of the Dungeon
  4617 | D:5      | Reached skill level 7 in Fighting
  4617 | D:5      | Reached XP level 7. HP: 21/78 MP: 7/7
  4749 | D:5      | Gained mutation: You possess an exceptional clarity of mind. [potion of beneficial mutation]
  5508 | D:5      | Reached skill level 8 in Fighting
  5949 | D:5      | Found a snail-covered altar of Cheibriados.
  6160 | D:6      | Reached skill level 5 in Dodging
  6160 | D:6      | Reached XP level 8. HP: 42/89 MP: 8/8
  6223 | D:6      | Gained mutation: Your flesh is cold resistant. [potion of beneficial mutation]
  6272 | D:6      | HP: 4/89 [wasp (13)]
  6274 | D:6      | Paralysed by a wasp for 1 turns
  6642 | D:6      | Found a sand-covered staircase.
  6651 | Ossuary  | Entered an ossuary
  6882 | Ossuary  | Reached skill level 9 in Fighting
  7090 | Ossuary  | Noticed HEYYEYAAE's ghost (novice SpBe)
  7522 | D:6      | Noticed Pikel
  7732 | D:6      | Noticed Duvessa
  7791 | D:6      | Noticed Dowan
  7796 | D:6      | Killed Duvessa
  7811 | D:6      | HP: 5/139 [Dowan/shard of ice (13)]
  8188 | D:6      | Killed Dowan
  8298 | D:6      | Killed Pikel
  8298 | D:6      | Reached skill level 10 in Fighting
  8298 | D:6      | Reached XP level 9. HP: 70/102 MP: 9/9
  8565 | D:5      | Mangled by an orc warrior

Action                   |  1- 3 |  4- 6 |  7- 9 || total
-------------------------+-------+-------+-------++-------
Melee: Flail             |    98 |   221 |    84 ||   403
       Morningstar       |       |       |   133 ||   133
  Use: Scroll            |       |    11 |     9 ||    20
       Potion            |       |     2 |     8 ||    10
 Stab: Sleeping          |       |     2 |     1 ||     3
  Eat: Chunk             |     2 |     9 |     1 ||    12
       Bread ration      |       |       |     3 ||     3
